Semilg, neutral female human Valkyrie ... ....----- ......)%.. . ........--- ..........| ........"....... ..I)I.....)...... ..II..............- ...--.........--- .| - --.......- -...-...| .... .- ....... ---.... .... --.. -- Semilg the Fighter Experience level: 6 Strength: 25 Dexterity: 10 Constitution: 18 Intelligence: 7 Wisdom: 10 Charisma: 10 Health: 0(61) Energy: 19(19) Def: 8 Gold: 511 Moves: 2551 Dungeon seed: IsBtW3V0jWGv_yJB Game ID: Semilg_1553266366 Your Inventory: Coins $ - 511 gold pieces Weapons a - an uncursed +2 silver spear (weapon in hand) b - an uncursed +0 dagger p - a blessed +11 aklys named Aggressive Negotiation Armor e - an uncursed +3 small shield (being worn) n - an uncursed +0 leather armor (being worn) r - an uncursed rusty +0 pair of gauntlets of power (being worn) y - an uncursed +0 dwarvish iron helm (being worn) Comestibles w - an uncursed tripe ration Scrolls g - 2 uncursed scrolls of identify j - 2 uncursed scrolls of blank paper v - an uncursed scroll of remove curse Potions t - an uncursed potion of full healing Rings o - an uncursed ring of conflict Wands c - an uncursed wand of cold (0:4) k - a cursed wand of locking (0:6) l - an uncursed wand of striking (0:5) Tools f - an uncursed oil lamp (0:1429) s - an uncursed oil lamp (lit) (0:396) u - 7 uncursed tallow candles (0:200) Spells and supernatural/magical abilities: Name Level Category Fail Memory W - pray for help -- divine ? -- Your skills at the end: Miscellaneous Skills shield [Basic] wands [Basic] Weapon Skills dagger [Basic] spear [Basic] Spellcasting Skills Final Attributes: You were devoutly aligned. You were cold resistant. You were blinded. You were very stealthy. You could fly. You are dead. Vanquished creatures: a ghost a large cat 2 yellow lights an imp 5 gnome lords a gnomish wizard a giant ant a puppy 5 dwarves a kobold lord an iguana a centipede a jitterbug a werejackal a hobbit 3 geckos a yellow mold a green mold a red mold 16 gnomes a gnome zombie 9 jackals 3 newts 3 goblins 2 sewer rats 3 grid bugs 2 bats 8 lichens 77 creatures vanquished. Voluntary challenges: You did not adorn yourself with jewelry or accessories. You did not cause conflict. You were not invisible. You did not have reflection. You were not displaced. You had been an atheist until turn 1866. You used a wielded weapon 79 times, starting on turn 210. You did not apply a unicorn horn. You did not use plumbed fixtures. You did not drink any magical draughts. You read items or engraved 2 times, starting on turn 2543. You never genocided any monsters. You never polymorphed an object. You never changed form. You used no wishes. You never split a pudding. You never wrote Elbereth's name. You never violated your personal moral code. Dungeon overview: The Dungeons of Doom: levels 1 to 4 Level 1 a fountain a long staircase Level 2 Level 3 a fountain Level 4 stairs to The Gnomish Mines The Gnomish Mines: levels 5 to 7 Level 5 stairs to The Dungeons of Doom Level 6 Level 7 <- You were here History has recorded: On T:1 you entered the Dungeons of Doom to retrieve the Amulet of Yendor! On T:458 you reached level 2 of The Dungeons of Doom. On T:596 you advanced to experience level 2. On T:766 you reached level 3 of The Dungeons of Doom. On T:771 you advanced to experience level 3. On T:1205 you reached level 4 of The Dungeons of Doom. On T:1407 you reached level 1 of The Gnomish Mines. On T:1445 you advanced to experience level 4. On T:1708 you advanced to experience level 5. On T:1866 you prayed to Odin. On T:1903 you reached level 2 of The Gnomish Mines. On T:2143 you advanced to experience level 6. On T:2317 you reached level 3 of The Gnomish Mines. Score breakdown: Gold: 511 ( 51 points) Experience: 6 levels ( 500 points) Exploration: 7 levels ( 180 points) Discoveries: 11 items ( 550 points) Variety of kills: 28 monsters ( 1400 points) Major goal: (nothing yet) ( 0 points) Survival: died (score multiplied by 3) Total score: 8043 Latest messages: As you pronounce the formula, the scroll disappears. You hear maniacal laughter in the distance. Something bites! Something misses. (3x) You are stuck to the web. Something misses. (3x) Something moves its spinnerets around you. You are stuck to the web. Something misses. Something bites! Something moves its spinnerets around you. You are stuck to the web. Something misses. Something moves its spinnerets around you. Something misses. Something moves its spinnerets around you. Something misses. (3x) You are stuck to the web. Something misses. Something bites! You die... Final status: Farvel Semilg the Valkyrie, killed by a giant spider... You died in The Gnomish Mines on dungeon level 7 with 8043 points, and 511 pieces of gold, after 2551 moves. You were level 6 with a maximum of 61 hit points when you died.